 Dungeon Crawl Stone Soup version 0.31-a0-664-g902f515a81 (webtiles) character file.

Game seed: 10639311737001615314

624 senseless the Changeling (level 7, 0/53 HPs)
             Began as a Merfolk Shapeshifter on Sept 2, 2023.
             Was a Believer of Lugonu.
             Slain by a black bear (6 damage)
             ... on level 6 of the Dungeon.
             The game lasted 00:07:31 (4499 turns).

senseless the Changeling (Merfolk Shapeshifter)     Turns: 4499, Time: 00:07:32

Health: 0/53       AC:  2    Str: 16    XL:     7   Next: 47%
Magic:  7/7        EV: 14    Int: 10    God:    Lugonu [**....]
Gold:   906        SH:  0    Dex: 13    Spells: 6/6 levels left

rFire   . .          .
                       - Unarmed
rCold   . . .        (no shield)
rNeg    + . .        a - +0 animal skin
rPois   .            (helmet currently unavailable)
rElec   .            (cloak currently unavailable)
rCorr   .            (gloves currently unavailable)
SInv    .            (boots currently unavailable)
Will    .....        (no amulet)
Stlth   +            h - ring of flight
HPRegen 0.28/turn    s - ring of positive energy
MPRegen 0.10/turn

%: no passive effects
@: beast-form, flying
A: beast (slay +4), (nimble swimmer 2), mertail
a: Begin Untransformation, Renounce Religion, Depart the Abyss, Banish


You were on level 6 of the Dungeon.
You worshipped Lugonu.
Lugonu was pleased with you.
You were a hulking beast.
You visited 1 branch of the dungeon, and saw 6 of its levels.

You collected 918 gold pieces.
You spent 12 gold pieces at shops.

Inventory:

Hand Weapons
 m - a +4 quarterstaff of chaos
Missiles
 l - 3 poisoned darts (quivered)
 o - a throwing net
Armour
 a - a +0 animal skin (worn)
 g - a +1 cloak
 q - a scarf of shadows
Jewellery
 h - a ring of flight (left hand)
 s - a ring of positive energy (right hand)
Talismans
 c - a beast talisman (active)
 d - a flux talisman
Wands
 j - a wand of flame (9)
Scrolls
 e - 2 scrolls of identify
 n - a scroll of vulnerability
 p - a scroll of teleportation
 t - a scroll of poison
 u - a scroll of fear
Potions
 b - 2 potions of lignification
 f - a potion of enlightenment
 i - 2 potions of magic
 k - a potion of heal wounds
 r - a potion of brilliance


   Skills:
 + Level 3.8 Fighting
 + Level 5.2 Dodging
 + Level 5.0 Unarmed Combat
 * Level 7.2 Shapeshifting


You had 6 spell levels left.
You didn't know any spells.
Your spell library contained the following spells:

 Spells                   Type           Power      Damage    Failure   Level
 Ensorcelled Hibernation  Hex/Ice        0%         N/A       50%         2
 Passwall                 Tmut/Erth      0%         N/A       50%         2
 Gell's Gravitas          Tloc           0%         N/A       75%         3
 Swiftness                Air            0%         N/A       75%         3
 Volatile Blastmotes      Fire/Tloc      0%         2d10      75%         3
 Passage of Golubria      Tloc           0%         N/A       98%         4
 Petrify                  Tmut/Erth      0%         N/A       98%         4
 Dispersal                Tloc           0%         N/A       100%        6


Dungeon Overview and Level Annotations

Branches:
Dungeon (6/15)
 Temple: D:4-7

Altars:
Hepliaklqana
Kikubaaqudgha
Makhleb
Nemelex Xobeh
Okawaru
Xom
Lugonu

Shops:
D:2 (   D:3 ?   D:4 !

Annotations:
D:3 1 runed translucent door
D:4 2 runed translucent doors


Innate Abilities, Weirdness & Mutations

You are a hulking beast.
Your limbs bulge with bestial killing power. (Slay +4)
((You are very nimble when in or above water. (Stealth+, EV+, Speed+++)))
Your lower body shifts to a powerful aquatic tail in water.


Message History

You throw a poisoned dart.
The poisoned dart barely misses the black bear.
You hit the black bear.
The black bear is moderately wounded.
The black bear closely misses you. The black bear claws you.
The black bear claws you but does no damage.
You closely miss the black bear.
The black bear is moderately wounded.
The black bear bites you! The black bear claws you.
The black bear claws you but does no damage.
You barely miss the black bear.
The black bear is moderately wounded.
The black bear bites you. The black bear barely misses you. x2
You hit the black bear.
The black bear is heavily wounded.
The black bear bites you.
The black bear claws you but does no damage.
The black bear completely misses you.
You punch the black bear!
The black bear is severely wounded.
The black bear bites you! The black bear claws you.
The black bear closely misses you.
You are too injured to fight recklessly!
You barely miss the black bear.
The black bear is severely wounded.
The black bear goes berserk!
You hit the black bear.
The black bear is almost dead.
The black bear barely misses you. The black bear closely misses you.
The black bear claws you.
You hit the black bear.
The black bear is almost dead.
The black bear bites you!
* * * LOW HITPOINT WARNING * * *
The black bear claws you.
* * * LOW HITPOINT WARNING * * *
The black bear misses you. x2; The black bear claws you.
* * * LOW HITPOINT WARNING * * *
The black bear claws you.
You die...

#.. ...#
....#####
#.......
......###
#((...#
#.....##
#..<...#
#....hh#
##......#
########


You could see a black bear (berserk, poisoned).

Vanquished Creatures
  Sigmund (D:3)
  2 ogres (D:4)
  2 iguanas
  Crazy Yiuf (D:2)
  Natasha (thrice) (D:3)
  6 adders
  4 worms (D:3)
  A dart slug (D:1)
  6 orcs
  5 endoplasms
  A giant cockroach (D:1)
  5 goblins
  5 hobgoblins
  4 jackals
  4 quokkas
  9 ball pythons
  9 bats
  3 frilled lizards
  6 kobolds
  9 rats
86 creatures vanquished.

Notes
Turn   | Place    | Note
-------+----------+-------------------------------------------
     0 | D:1      | senseless the Merfolk Shapeshifter began the quest for the
                  | Orb.
     0 | D:1      | Reached XP level 1. HP: 15/15 MP: 1/1
   142 | D:1      | Reached XP level 2. HP: 21/21 MP: 2/2
   550 | D:1      | Reached XP level 3. HP: 25/26 MP: 3/3
  1129 | D:2      | Found a faded altar of an unknown god.
  1134 | D:2      | Prayed at the altar of an unknown god.
  1134 | D:2      | Became a worshipper of Lugonu the Unformed
  1134 | D:2      | Reached * piety under Lugonu
  1218 | D:2      | Found a runed translucent door.
  1219 | D:2      | Noticed Crazy Yiuf
  1373 | D:2      | Reached skill level 5 in Shapeshifting
  1373 | D:2      | Reached XP level 4. HP: 19/33 MP: 4/4
  1450 | D:2      | Got Miups's Secrets of Disjunct Spelunking
  1479 | D:2      | Found Iwaq's Weapon Shoppe.
  2104 | D:2      | Killed Crazy Yiuf
  2313 | D:3      | Found a sparkling altar of Nemelex Xobeh.
  2348 | D:3      | Noticed Natasha
  2357 | D:3      | Killed Natasha
  2358 | D:3      | Reached XP level 5. HP: 19/39 MP: 5/5
  2504 | D:3      | Reached ** piety under Lugonu
  2511 | D:3      | Noticed Natasha
  2518 | D:3      | Killed Natasha
  2603 | D:3      | Found Igemn's Magic Scroll Emporium.
  2661 | D:3      | Found an iron altar of Okawaru.
  2664 | D:3      | Found a runed translucent door.
  2668 | D:3      | Found the +0 toga "Victory" {*Victory Clar}
  2668 | D:3      | Noticed a centaur
  2668 | D:3      | Noticed a centaur
  2898 | D:3      | Noticed Natasha
  2910 | D:3      | Killed Natasha
  3158 | D:3      | Reached skill level 6 in Shapeshifting
  3158 | D:3      | Reached XP level 6. HP: 20/46 MP: 6/6
  3341 | D:3      | Noticed Sigmund
  3348 | D:3      | HP: 1/46 [worm (9)]
  3588 | D:3      | Killed Sigmund
  3708 | D:4      | Identified a scroll of acquirement
  3708 | D:4      | Acquired 711 gold pieces
  3747 | D:4      | Reached skill level 5 in Dodging
  3747 | D:4      | Reached XP level 7. HP: 33/52 MP: 7/7
  3837 | D:4      | Found a large runed translucent door.
  3838 | D:4      | Found a large runed translucent door.
  4072 | D:4      | Found Paruky's Distillery.
  4080 | D:4      | Reached skill level 7 in Shapeshifting
  4146 | D:4      | Bought a potion of degeneration for 12 gold pieces
  4341 | D:4      | Reached skill level 5 in Unarmed Combat
  4468 | D:4      | You are sucked into a shaft and drop 1 floor!
  4468 | D:5      | Entered Level 5 of the Dungeon
  4468 | D:5      | Found a hazy altar of Hepliaklqana.
  4468 | D:5      | Found a burning altar of Makhleb.
  4468 | D:5      | Found a shimmering altar of Xom.
  4468 | D:5      | Found an ancient bone altar of Kikubaaqudgha.
  4499 | D:6      | Slain by a black bear

Illustrated notes

Levels and vault maps discovered:
D:1:      scummos_arrival_gate, layout_basic
D:2:      layout_basic, serial_shops, shop,
          hellmonk_ecumenical_altar_arch_garden, kennysheep_generic_room_16,
          uniq_crazy_yiuf_cottage
D:3:      layout_rooms, lemuel_crystal_altar,
          nicolae_overflow_guarded_unrand_okawaru_victory, serial_shops,
          nicolae_shop_behind_doors, nicolae_concentric_dashed_squares_mild,
          minmay_quadrilaterals, uniq_sigmund, uniq_natasha
D:4:      layout_gridville, jmf_multi_god_temple2, serial_glass,
          glass_columns_a, glass_columns_b, serial_shops, kennysheep_mini_moat,
          kennysheep_another_room
D:5:      wander_river, layout_basic, nicolae_overflow_hidden_temple,
          uniq_edmund
D:6:      layout_cave_pods, temple_pool_b, uniq_pikel

Skill      XL: |  1  2  3  4  5  6  7 |
---------------+----------------------+-----
Dodging        | 3 4 5 |  5.2
Fighting       | 2 3 |  3.8
Shapeshifting  | 5 6 7 |  7.2
Unarmed Combat | 4 5 |  5.0

Action                     |  1- 3 |  4- 6 |  7- 9 || total
---------------------------+-------+-------+-------++-------
  Melee: Unarmed           |    82 |   121 |    36 ||   239
         Punch             |     2 |     1 |     1 ||     4
  Throw: Dart              |       |    16 |     6 ||    22
    Use: Scroll            |     6 |     4 |     1 ||    11
   Stab: Sleeping          |       |     1 |       ||     1
 Armour: Animal skin       |    35 |    53 |    28 ||   116
  Dodge: Dodged            |    63 |    74 |    20 ||   157

Table legend: (Time is in decaauts)
 A = Elapsed time spent in this place.
 B = Non-inter-level travel time spent in this place.
 C = Inter-level travel time spent in this place.
 D = Time resting spent in this place.
 E = Time spent auto-exploring this place.
 F = Levels seen in this place.
 G = Mean time per level.
                   A        B        C        D        E       F      G
               +--------+--------+--------+--------+--------+-----+--------+
         Total |   4488 |   4303 |    185 |    354 |   3314 |   6 |  748.0 |
       Dungeon |   4488 |   4303 |    185 |    354 |   3314 |   6 |  748.0 |
               +--------+--------+--------+--------+--------+-----+--------+

Top non-repeatable levels by time:
     D:3: 1454 daAuts
     D:2: 1279 daAuts
     D:1: 956 daAuts
     D:4: 768 daAuts
     D:6: 16 daAuts
     D:5: 13 daAuts
